Map: Prion Terraces

Players

IllSkillz

  • Race: Protoss Protoss
  • League: Diamond

LilDicky - Winner!

  • Race: Terran Terran
  • League: Diamond

VOD

http://www.twitch.tv/tumescentpie

Description

Time

  • Played on: Dec. 3, 2015, 2:14 p.m.
  • Length: 5:48
Show
View Real Time Build Order
Export as new Build Order

IllSkillz Protoss 

Build Orders: Oracle Opening 

Get SALT Encoding   

  12  0:00  Probe (Chrono Boost)  
  13  0:11  Probe (Chrono Boost)  
  14  0:17  Pylon  
  14  0:22  Probe (Chrono Boost)  
  15  0:35  Probe (Chrono Boost)  
  16  0:39  Gateway  
  16  0:46  Probe (Chrono Boost)  
  17  0:52  Assimilator  
  17  0:54  Assimilator  
  17  0:56  Probe (Chrono Boost)  
  18  1:07  Probe (Chrono Boost)  
  18  1:08  Pylon  
  19  1:17  Probe (Chrono Boost)  
  20  1:26  Cybernetics Core  
  20  1:28  Probe (Chrono Boost)  
  21  1:38  Probe (Chrono Boost)  
  22  1:45  Pylon  
  22  1:49  Probe (Chrono Boost)  
  23  1:59  Probe (Chrono Boost)  
  24  2:04  Stargate  
  24  2:14  Mothership Core (Chrono Boost)  
  26  2:29  Nexus  
  26  2:38  Stalker  
  26  2:41  Probe (Chrono Boost)  
  29  2:50  Oracle (Chrono Boost)  
  32  3:01  Probe  
  33  3:08  Stalker  
  35  3:13  Probe  
  35  3:14  Pylon  
  36  3:25  Probe  
  37  3:45  Probe  
  38  3:50  Pylon  
  38  3:53  Robotics Facility  
  38  4:12  Pylon  
  38  4:14  Stalker (Chrono Boost), Pylon  
  40  4:22  Assimilator  
  40  4:35  Probe  
  40  4:36  Probe  
  42  4:51  Observer (Chrono Boost)  
  43  4:56  Gateway  
  41  5:14  Stalker (Chrono Boost)  
  45  5:23  Assimilator  
Show
View Real Time Build Order
Export as new Build Order

LilDicky Terran - Winner!

Build Orders: MMM Bio 

Get SALT Encoding   

  12  0:01  SCV  
  13  0:14  SCV  
  14  0:19  Supply Depot  
  14  0:26  SCV  
  15  0:31  Refinery  
  15  0:40  SCV  
  16  0:51  Barracks  
  16  0:52  SCV  
  17  1:04  Supply Depot  
  17  1:06  SCV  
  18  1:18  SCV  
  19  1:40  Factory, Marine  
  19  1:42  Orbital Command  
  20  2:01  Marine  
  20  2:05  Barracks  
  20  2:08  SCV  
  22  2:09  Barracks  
  22  2:20  Refinery  
  22  2:21  Barracks Reactor  
  22  2:26  SCV  
  23  2:32  Supply Depot  
  23  2:39  SCV  
  24  2:46  Widow Mine  
  26  2:54  Barracks Tech Lab  
  26  2:55  Barracks Tech Lab  
  26  2:57  SCV  
  27  2:59  Marine x2  
  28  3:13  SCV  
  28  3:16  Combat Shields, Stimpack  
  28  3:17  Marine x3  
  28  3:18  Marine  
  33  3:24  Widow Mine  
  35  3:32  Supply Depot  
  35  3:36  Marauder  
  30  3:48  SCV  
  30  3:49  Marine  
  30  3:50  Marauder  
  34  3:57  Marauder  
  34  3:58  Widow Mine  
  38  4:03  SCV  
  38  4:07  Marine x2  
  42  4:17  SCV  
  42  4:19  Marine  
  41  4:34  Concussive Shells  
  41  4:36  Marine  
  41  4:37  Marine x3  
  45  4:40  Hellion  
  47  4:58  Marine  
  47  5:09  Marine  
  47  5:13  Marauder  
Tags
 
Add a new tag
Caveats
  • Supply blocks, unpowered buildings, or Contaminate may cause inaccurate times.
  • Supply counts are checked every 10 seconds.